 Dungeon Crawl Stone Soup version 0.30-a0-364-gf6b3ef1049 (webtiles) character file.

Game seed: 992639632519476075

126 Devinter the Cutter (level 5, -7/32 HPs)
             Began as a Kobold Warper on Nov 15, 2022.
             Mangled by Edmund
             ... wielding a +3 flail of holy wrath
              (10 damage)
             ... on level 4 of the Dungeon.
             The game lasted 00:18:30 (2243 turns).

Devinter the Cutter (Kobold Warper)                 Turns: 2243, Time: 00:18:31

Health: -7/32      AC:  3    Str:  9    XL:     5   Next: 31%
Magic:  18/18      EV: 11    Int: 14    God:
Gold:   139        SH:  5    Dex: 16    Spells: 7/9 levels left

rFire   . . .      SeeInvis .    a - +0 short sword
rCold   . . .      Faith    .    h - +0 buckler
rNeg    . . .      Spirit   .    r - +0 robe
rPois   +          Reflect  .    g - +0 helmet
rElec   .          Harm     .    (no cloak)
rCorr   .          Rampage  .    (no gloves)
Will    .....                    (no boots)
Stlth   +++.......               e - amulet of magic regeneration
HPRegen 0.25/turn                q - ring of poison resistance
MPRegen 0.56/turn                p - ring of magical power

@: grasped by roots, attractive, constricted
A: small, no large weapons, nightstalker 3
a: no special abilities


You were on level 4 of the Dungeon.
You visited 1 branch of the dungeon, and saw 4 of its levels.

You collected 139 gold pieces.

Inventory:

Hand Weapons
 a - a +0 short sword (weapon)
Missiles
 u - 2 poisoned darts (quivered)
Armour
 g - a +0 helmet (worn)
 h - a +0 buckler (worn)
 r - a +0 robe (worn)
Jewellery
 e - an amulet of magic regeneration (around neck)
 f - a ring of flight
 p - a ring of magical power (right hand)
 q - a ring of poison resistance (left hand)
Wands
 w - a wand of mindburst (11)
Scrolls
 c - a scroll of blinking
 k - a scroll of poison {unknown}
 l - a scroll of fear {unknown}
 m - a scroll of magic mapping {unknown}
 s - a scroll of enchant weapon {unknown}
 t - 3 scrolls of identify {unknown}
 v - a scroll of enchant armour {unknown}
 x - a scroll of teleportation {unknown}
Potions
 b - a potion of brilliance {unknown}
 d - a potion of degeneration {unknown}
 i - a potion of mutation {unknown}
 n - a potion of flight {unknown}
 o - 2 potions of attraction


   Skills:
 - Level 3.0 Fighting
 + Level 3.3 Short Blades
 - Level 2.0 Throwing
 - Level 1.0 Armour
 - Level 3.0 Dodging
 + Level 2.4 Stealth
 + Level 1.2 Shields
 + Level 2.9 Spellcasting
 - Level 3.0 Translocations


You had 7 spell levels left.
You knew the following spells:

 Your Spells              Type           Power      Damage    Failure   Level
a - Blink                 Tloc           20%        N/A       14%         2

Your spell library contained the following spells:

 Spells                   Type           Power      Damage    Failure   Level
 Lesser Beckoning         Tloc           20%        N/A       28%         3
 Teleport Other           Tloc           10%        N/A       28%         3
 Vhi's Electric Charge    Tloc/Air       12%        N/A       47%         3
 Manifold Assault         Tloc           10%        N/A       67%         4


Dungeon Overview and Level Annotations

Branches:
Dungeon (4/15)
 Temple: D:4-7

Altars:
Dithmenos

Annotations:
D:2 Yiuf + Orc Priest
D:3 Sigmund
D:4 Edmund


Innate Abilities, Weirdness & Mutations

You are small and have problems with some larger weapons.
You are completely attuned to the shadows.


Message History

Found 7 stones.
Edmund the Younger comes into view.
He is wielding a +3 flail of holy wrath, wearing a +1 leather armour of fire resistance and carrying a wand of roots (8).
Found 13 gold pieces.
Edmund shouts!
You hear an angry hiss.
Edmund zaps a wand.
The roots erupt in riotous growth!
The grasping roots grab you! The grasping roots constrict you!
Throw: 5 darts (poison)
Press: ? - help, Q - select action, (/) - cycle Shift-Dir - straight line, f - Edmund
Aim: Edmund, wielding a +3 flail of holy wrath, wearing a +1 leather armour of fire resistance and carrying a wand of roots (7) (62% to hit)
You throw a poisoned dart. The poisoned dart barely misses Edmund.
The grasping roots constrict you.
Throw: 4 darts (poison)
Press: ? - help, Q - select action, (/) - cycle Shift-Dir - straight line, f/p - Edmund
Aim: Edmund, wielding a +3 flail of holy wrath, wearing a +1 leather armour of fire resistance and carrying a wand of roots (7) (62% to hit)
You throw a poisoned dart. The poisoned dart hits Edmund.
Edmund is poisoned.
The grasping roots constrict you.
Throw: 3 darts (poison)
Press: ? - help, Q - select action, (/) - cycle Shift-Dir - straight line, f/p - Edmund
Aim: Edmund, wielding a +3 flail of holy wrath, wearing a +1 leather armour of fire resistance and carrying a wand of roots (7) (lightly wounded, poisoned, 62% to hit)
You throw a poisoned dart. The poisoned dart hits Edmund.
Edmund looks even sicker.
Edmund is lightly wounded.
The grasping roots constrict you!
* * * LOW HITPOINT WARNING * * *
The grasping roots release their grip on you.
Edmund zaps a wand.
The roots erupt in riotous growth!
The grasping roots grab you! The grasping roots constrict you.
* * * LOW HITPOINT WARNING * * *
You hear an angry hiss.
It was a potion of attraction.
You feel attractive to monsters. The grasping roots constrict you!
* * * LOW HITPOINT WARNING * * *
It was a potion of magic.
Magic courses through your body.
Edmund hits you with a +3 flail of holy wrath!
You die...

########## #....##.
##(..##...## #....##.
##..........## #....##.
#............# ######..[....
#.......)....# #....#....##.
#............# #....#....#..
##.....(....## #....#.......
##....#((..#####.........##.
####.####@@...#[....#..####
#@# #####.............# #.#
###..##.#.<...# #.....
§§.##........ ......
§§.##........ .......
##......... #.$.....
#.#....... #.#.......
...........


You could see Edmund (very poisoned).

Vanquished Creatures
  6 adders
  2 worms
  2 dart slugs
  An orc (D:3)
  8 ball pythons
  5 bats
  3 endoplasms (D:3)
  3 giant cockroaches
  5 goblins
  6 hobgoblins
  6 jackals
  A quokka (D:1)
  3 frilled lizards
  8 kobolds
  A rat (D:1)
60 creatures vanquished.

Notes
Turn   | Place    | Note
-------+----------+-------------------------------------------
     0 | D:1      | Devinter the Kobold Warper began the quest for the Orb.
     0 | D:1      | Reached XP level 1. HP: 12/12 MP: 3/3
   161 | D:1      | Reached XP level 2. HP: 12/17 MP: 5/5
   172 | D:1      | Learned a level 2 spell: Blink
   191 | D:1      | Reached skill level 1 in Armour
   581 | D:1      | Reached skill level 3 in Short Blades
   678 | D:2      | Reached skill level 1 in Stealth
   711 | D:2      | Reached XP level 3. HP: 12/22 MP: 6/6
  1131 | D:2      | Reached XP level 4. HP: 17/27 MP: 7/7
  1391 | D:3      | Reached skill level 3 in Dodging
  1556 | D:3      | Reached skill level 2 in Throwing
  1556 | D:3      | Reached skill level 2 in Stealth
  1556 | D:3      | Reached skill level 1 in Shields
  1660 | D:3      | Reached skill level 3 in Fighting
  1700 | D:3      | Noticed Sigmund
  1711 | D:3      | Reached XP level 5. HP: 32/32 MP: 9/9
  2208 | D:4      | Found a shadowy altar of Dithmenos.
  2229 | D:4      | Noticed Edmund
  2242 | D:4      | HP: 3/32 [constriction (7)]
  2243 | D:4      | Mangled by Edmund

Illustrated notes

Levels and vault maps discovered:
D:1:      co_arrival_random_square_maze, layout_basic, amcnicky_mini_pool_small
D:2:      layout_rooms, kennysheep_decorative_pillar, uniq_crazy_yiuf_cottage
D:3:      layout_rooms, kennysheep_flooded_box, uniq_sigmund
D:4:      layout_rooms, grunt_dithmenos_smoke, grunt_decor_one_mirror,
          uniq_edmund

Skill      XL: |  1  2  3  4 |
---------------+-------------+-----
Armour         | 1 |  1.0
Short Blades   | 3 |  3.3
Stealth        | 1 2 |  2.4
Dodging        | 3 |  3.0
Throwing       | 2 |  2.0
Shields        | 1 |  1.2
Fighting       | 3 |  3.0
Spellcasting   | |  2.9
Translocations | |  3.0

Action                   |  1- 3 |  4- 6 || total
-------------------------+-------+-------++-------
Melee: Short sword       |   154 |   134 ||   288
Throw: Boomerang         |     4 |     3 ||     7
       Dart              |       |     5 ||     5
  Use: Potion            |       |     2 ||     2
 Stab: Sleeping          |     5 |     4 ||     9
Armor: Leather armour    |    32 |     1 ||    33
       Robe              |       |    16 ||    16
Dodge: Dodged            |   108 |    78 ||   186
Block: Buckler           |    26 |    33 ||    59

Table legend: (Time is in decaauts)
 A = Elapsed time spent in this place.
 B = Non-inter-level travel time spent in this place.
 C = Inter-level travel time spent in this place.
 D = Time resting spent in this place.
 E = Time spent auto-exploring this place.
 F = Levels seen in this place.
 G = Mean time per level.
                   A        B        C        D        E       F      G
               +--------+--------+--------+--------+--------+-----+--------+
         Total |   2216 |   2191 |     25 |    336 |    111 |   4 |  554.0 |
       Dungeon |   2216 |   2191 |     25 |    336 |    111 |   4 |  554.0 |
               +--------+--------+--------+--------+--------+-----+--------+

Top non-repeatable levels by time:
     D:1: 666 daAuts
     D:2: 654 daAuts
     D:3: 554 daAuts
     D:4: 341 daAuts
